 Dungeon Crawl Stone Soup version 0.18-a0-1574-g3f9d221 (webtiles) character file.

144076 Psiweapon the Severer (level 17, 0/151 HPs)
             Began as a Hill Orc Fighter on Mar 16, 2016.
             Was a Priest of Qazlal.
             Slain by a spectral four-headed hydra (3 damage)
             ... called from beyond by a ghost crab
             ... on level 4 of the Swamp.
             The game lasted 02:49:54 (34886 turns).

Psiweapon the Severer (Hill Orc Fighter)           Turns: 34886, Time: 02:49:54

Health: 0/151      AC: 33    Str: 22    XL:     17   Next: 39%
Magic:  19/25      EV: 10    Int:  8    God:    Qazlal [***...]
Gold:   3316       SH: 16    Dex: 16    Spells: 0 memorised, 16 levels left

rFire  . . .     SeeInvis +     a - +5 broad axe (flame)
rCold  + . .     Gourm    .     d - +2 chain mail {rPois}
rNeg   . . .     Faith    .     l - +0 shield
rPois  +         Spirit   .     w - +2 helmet {SInv}
rElec  .         Dismiss  .     A - +2 cloak
rCorr  .         Reflect  .     v - +0 pair of gloves
SustAt .         Harm     .     J - +2 pair of boots
MR     ++...                    X - amulet of rage
Stlth  ..........               N - ring of Lyjixt {rC+ Slay+3}
                                y - +5 ring of protection

@: constricted, drained, very resistant to hostile enchantments, extremely
unstealthy
A: slimy green scales 1, agile 1, blurry vision 1, low mp 1, magic resistance 1
a: Upheaval, Elemental Force, Renounce Religion, Evoke Berserk Rage


You were on level 4 of the Swamp.
You worshipped Qazlal.
Qazlal was most pleased with you.
You were not hungry.

You visited 4 branches of the dungeon, and saw 29 of its levels.
You also visited: Labyrinth and Ice Cave.

You collected 3316 gold pieces.

Inventory:

Hand Weapons
 a - a +5 broad axe of flaming (weapon)
 b - a +0 hunting sling
 c - a +2 morningstar of protection
Missiles
 R - 7 javelins
 S - 40 tomahawks (quivered)
 V - 3 throwing nets
Armour
 d - a +2 chain mail of poison resistance (worn)
 l - a +0 shield (worn)
 v - a +0 pair of gloves (worn)
 w - a +2 helmet of see invisible (worn)
 A - a +2 cloak (worn)
 E - a swamp dragon hide
 J - a +2 pair of boots (worn)
Rods
 g - a -1 rod of shadows (14/14)
   (You found it on level 11 of the Dungeon)
Jewellery
 e - an uncursed ring of sustain attributes
 i - an uncursed ring of resist corrosion
 y - a +5 ring of protection (left hand)
 N - the ring of Lyjixt (right hand) {rC+ Slay+3}
   (You found it in an ice cave)

   [ring of protection from cold]

   It affects your accuracy and damage with ranged weapons and melee attacks
   (+3).
   It protects you from cold.
 W - an uncursed ring of protection from fire
 X - an amulet of rage (around neck)
Wands
 h - a wand of lightning (7/15)
 j - a wand of paralysis (15/24)
 s - a wand of slowing (36/48)
 t - a wand of digging (1/24)
 z - a wand of confusion (13/48)
 D - a wand of lightning (0/15)
 T - a wand of disintegration (2/24)
 U - a wand of paralysis (10/24)
Scrolls
 k - 3 scrolls of magic mapping
 m - 6 scrolls of recharging
 o - 5 scrolls of teleportation
 q - 2 scrolls of fog
 x - a scroll of identify
 B - 4 scrolls of blinking
 I - 5 scrolls of remove curse
 O - 2 scrolls of fear
Potions
 n - a potion of invisibility
 p - 4 potions of flight
 r - 3 potions of might
 u - 5 potions of curing
 C - 2 potions of magic
 F - a potion of cure mutation
 H - a potion of cancellation
 K - a potion of haste {unknown}
 L - 2 potions of ambrosia
 P - a potion of agility
 Z - 2 potions of brilliance
Books
 Q - a book of the Earth

   Spells                             Type                      Level
   a - Leda's Liquefaction            Hexes/Earth                  4
   b - Bolt of Magma                  Conjuration/Fire/Earth       5
   c - Statue Form                    Transmutation/Earth          6
   d - Iron Shot                      Conjuration/Earth            6
   e - Shatter                        Earth                        9
Comestibles
 f - 18 bread rations
 G - 11 beef jerkies
 M - 5 fruits
 Y - a meat ration


   Skills:
 + Level 13.7(12.9) Fighting
 - Level 18.1(17.4) Axes
 - Level 3.5(10.3) Maces & Flails
 - Level 1.0(0.4) Slings
 + Level 13.1(12.3) Armour
 - Level 10.2(9.5) Dodging
 - Level 10.1(9.3) Shields
 - Level 15.5(14.7) Invocations
 - Level 10.5(9.8) Evocations


You had 16 spell levels left.
You didn't know any spells.

Dungeon Overview and Level Annotations

Branches:
Dungeon (15/15)            Temple (0/1) D:7            Lair (8/8) D:9
  Swamp (4/4) Lair:4        Snake (0/4) Lair:3        Slime (0/6) Lair:6
    Orc (2/2) D:12            Elf (0/3) Orc:2        Vaults (0/5) D:13
 Depths (0/5) D:15

Altars:
Fedhas
Gozag
Makhleb
Nemelex Xobeh
Okawaru
Pakellas
Qazlal
Vehumet
Yredelemnul
Zin
The Shining One
Beogh
Jiyva

Shops:
D:12 %   D:14 *   Orc:2 [(((

Portals:
Trove: D:14 (give +4 fire dragon armour)

Annotations:
D:9 exclusion: upstairs
Swamp:4 namelastname112's ghost, adept HOGl


Innate Abilities, Weirdness & Mutations

You are partially covered in slimy green scales (AC +2).
You are agile. (Dex +2)
Scrolls take you a little longer to read.
Your magical capacity is low (-10% MP).
You are resistant to hostile enchantments.


Message History

You block the spectral five-headed hydra's attack.
The spectral five-headed hydra bites you but does no damage.
The spectral five-headed hydra barely misses you.
You block namelastname112's ghost's attack.
The spriggan rider is engulfed in spectral mist.
The spriggan rider hits you from afar with a spear.
* * * LOW HITPOINT WARNING * * *
You begin reading the scroll.
You continue reading the scroll.
You are engulfed in spectral mist.
The spectral anaconda completely misses you.
* * * LOW HITPOINT WARNING * * *
The spectral anaconda constricts you.
The spriggan rider is engulfed in spectral mist.
The wasp dies!
As its mount dies, the spriggan plunges down into deep water and drowns!
The spriggan dies!
You hear a splash. x2
You block the spectral four-headed hydra's attack.
The spectral four-headed hydra bites you.
You die...

.≈...≈≈≈...≈ ♣.
...≈≈≈≈≈≈≈. ♣♣.≈
♣≈.≈≈≈≈≈≈≈.
♣≈..♣♣..≈≈≈≈≈≈≈.
....≈....≈≈≈...
♣≈.Z§§F§§§≈...
♣♣♣≈≈§i§ZZ§≈≈.≈.
♣♣...≈F§W@Z§≈§.♣
♣.≈≈.≈t§t♣♣♣≈.≈.♣
.≈[♣≈§§♣♣ ≈≈≈
♣≈♣♣♣♣ .≈≈ ♣
♣♣♣♣§§§♣♣≈.≈≈.
♣..§§W§≈Z§≈...
♣.≈≈§tZ§Z§§≈..≈
♣.≈≈t§Zi≈§§≈t≈≈
♣.≈≈§≈≈i§≈§≈≈..


You could see a spriggan rider, 2 ghost crabs, a spectral anaconda, a spectral
seven-headed hydra, a spectral five-headed hydra, a spectral four-headed hydra,
2 blink frogs and namelastname112's ghost.

Vanquished Creatures
  Rupert (Lair:8)
  3 thorn hunters (Swamp:3)
  Roxanne (Swamp:3)
  An orc warlord (Orc:2)
  A stone giant (Orc:1)
  A dire elephant (Lair:7)
  Snorg (Lair:5)
  A minotaur (Lab)
  A ghost crab (Swamp:3)
  A rakshasa (D:15)
  16 hydras
  3 ice dragons
  5 alligators
  A catoblepas (Lair:7)
  A death knight (D:13)
  An ogre mage (D:15)
  2 centaur warriors
  3 tengu warriors
  5 death yaks (Lair:4)
  2 orc high priests
  The ghost of Shredu92 the Zephyrmancer, a novice TeAE of Vehumet (D:9)
  A storm dragon zombie (D:15)
  Nergalle (Lair:3)
  3 deep elf knights (D:14)
  3 skeletal warriors
  A spark wasp zombie (D:15)
  A flayed ghost (D:15)
  3 unseen horrors
  A swamp dragon (Swamp:1)
  2 shambling mangroves (Swamp:3)
  The ghost of SirMumm the Thaumaturge, a novice DEWz of Vehumet (D:8)
  2 phantasmal warriors (D:12)
  A lindwurm (Lair:8)
  11 hill giants
  2 necromancers
  An oklob plant (Swamp:1)
  An orc knight (Orc:2)
  2 wolf spider zombies (D:15)
  A stone giant zombie (D:15)
  5 deep elf magi
  A cyclops (D:13)
  13 ugly things
  A hornet (Swamp:2)
  2 orc sorcerers (Orc:2)
  2 griffons
  A frost giant skeleton (D:15)
  2 manticores
  18 elephants
  2 ice statues (IceCv)
  7 black mambas
  17 spiny frogs
  2 kobold demonologists (D:11)
  6 torpor snails (Lair:8)
  3 gargoyles
  6 komodo dragons
  3 rime drakes
  2 efreet
  A tengu conjurer (D:14)
  8 trolls
  A polar bear (D:8)
  3 two-headed ogres
  Grinder (D:6)
  A queen bee (Lair:3)
  34 blink frogs
  8 giant leeches
  8 bog bodies
  3 boulder beetles
  9 slime creatures
  4 spriggans
  7 wyverns
  3 vampires
  Sigmund (D:6)
  A shadow (D:13)
  36 yaks
  9 hippogriffs
  5 basilisks
  A hungry ghost (D:13)
  23 vampire mosquitoes
  A warg (Orc:2)
  14 insubstantial wisps
  16 swamp worms
  5 nagas (Lair:3)
  21 water moccasins
  12 porcupines
  2 hell hounds (D:9)
  6 swamp drakes
  31 orc warriors
  21 ice beasts
  3 sky beasts
  2 black bears (D:8)
  13 wasps
  2 phantoms
  3 eyes of draining
  15 wolves
  3 boggarts (D:15)
  15 ogres
  19 centaurs
  12 crocodiles
  3 big kobolds
  24 giant frogs
  A gnoll sergeant (D:10)
  A wyvern skeleton (D:11)
  3 scorpions
  26 killer bees
  An electric eel (Lair:6)
  19 wights
  6 howler monkeys
  13 crimson imps
  4 centaur zombies
  A quasit (D:9)
  A giant frog zombie (D:6)
  3 hounds
  5 jellies
  Crazy Yiuf (D:7)
  2 giant frog skeletons
  21 orc priests
  23 orc wizards
  4 centaur skeletons
  11 iguanas
  6 worker ants
  3 polar bear simulacra (Lair:4)
  2 yak simulacra (Lair:4)
  A killer bee zombie (D:10)
  17 sheep
  3 wolf simulacra (Lair:4)
  A centaur simulacrum (D:9)
  2 hound zombies
  Robin (D:4)
  11 adders
  19 gnolls
  19 river rats
  5 shadow imps
  13 white imps
  An ufetubus (D:9)
  An ooze (D:4)
  An adder zombie (D:7)
  20 worms
  A dart slug (D:2)
  An adder simulacrum (D:9)
  4 giant geckos
  108 orcs
  5 giant cockroaches
  21 goblins
  7 hobgoblins
  8 jackals
  23 kobolds
  9 quokkas
  3 ball pythons
  5 bats
  3 giant gecko skeletons
  2 giant gecko zombies
  6 giant newts
  A jackal skeleton (D:4)
  9 rats
  3 river rat simulacra (Lair:4)
  A spectral orc (D:9)
  A briar patch (Swamp:3)
  A bush (D:14)
  30 fungi
  19 plants
  3 withered plants (D:15)
1139 creatures vanquished.

Vanquished Creatures (collateral kills)
  An ugly thing (D:14)
1 creature vanquished.

Vanquished Creatures (others)
  A wolf spider (D:15)
  2 blink frogs (Swamp:4)
  A spriggan (Swamp:4)
  2 wasps
  A quasit (D:9)
  An orc wizard (D:9)
  A fire vortex (Lair:6)
  26 fungi
  13 plants
48 creatures vanquished.

Grand Total: 1188 creatures vanquished

Notes
Turn   | Place    | Note
--------------------------------------------------------------
     0 | D:1      | Psiweapon the Hill Orc Fighter began the quest for the Orb.
     0 | D:1      | Reached XP level 1. HP: 19/19 MP: 1/1
    82 | D:2      | Reached skill level 3 in Axes
    82 | D:2      | Reached XP level 2. HP: 12/26 MP: 2/2
   435 | D:1      | Reached skill level 4 in Axes
   842 | D:1      | Reached XP level 3. HP: 29/31 MP: 3/3
  1306 | D:2      | Reached skill level 5 in Axes
  1331 | D:2      | Found a faded altar to an unknown god.
  1441 | D:4      | Noticed Robin
  1458 | D:4      | Reached XP level 4. HP: 13/39 MP: 4/4
  1659 | D:4      | Reached skill level 6 in Axes
  1663 | D:4      | Killed Robin
  1740 | D:5      | Entered Level 5 of the Dungeon
  1775 | D:5      | Reached XP level 5. HP: 45/45 MP: 5/5
  1782 | D:4      | Noticed a centaur
  1789 | D:5      | Reached skill level 7 in Axes
  1848 | D:4      | Killed a centaur
  1848 | D:4      | Reached skill level 8 in Axes
  1848 | D:4      | Reached XP level 6. HP: 40/51 MP: 6/6
  2638 | D:2      | Found a sparkling altar of Nemelex Xobeh.
  2688 | D:2      | Found a radiant altar of Vehumet.
  3371 | D:4      | Reached skill level 9 in Axes
  3574 | D:3      | Found an iron altar of Okawaru.
  3816 | D:4      | Reached XP level 7. HP: 54/57 MP: 7/7
  4318 | D:6      | Reached skill level 1 in Slings
  4420 | D:6      | Noticed Grinder
  4432 | D:6      | Killed Grinder
  4432 | D:6      | Reached skill level 10 in Axes
  4432 | D:6      | Reached skill level 1 in Dodging
  4548 | D:6      | Reached XP level 8. HP: 64/64 MP: 8/8
  4629 | D:6      | Reached skill level 5 in Armour
  4818 | D:8      | Noticed a wyvern
  4828 | D:7      | Killed a wyvern
  4894 | D:6      | Found a glowing golden altar of the Shining One.
  5352 | D:5      | Found an opulent altar of Gozag.
  5353 | D:5      | Found a glowing silver altar of Zin.
  5901 | D:7      | Noticed Crazy Yiuf
  5912 | D:7      | Killed Crazy Yiuf
  6197 | D:6      | Reached XP level 9. HP: 70/70 MP: 9/9
  6374 | D:6      | Noticed Sigmund
  6378 | D:6      | Killed Sigmund
  6378 | D:6      | Reached skill level 5 in Dodging
  6651 | D:8      | Found a stormy altar of Qazlal.
  6711 | D:8      | Became a worshipper of Qazlal Stormbringer
  6747 | D:8      | Noticed SirMumm's ghost (novice DEWz)
  6775 | D:8      | Killed SirMumm's ghost
  7226 | D:7      | Found a staircase to the Ecumenical Temple.
  7560 | D:7      | Reached skill level 5 in Invocations
  7718 | D:7      | Reached XP level 10. HP: 77/77 MP: 14/14
  7941 | D:9      | Noticed Shredu92's ghost (novice TeAE)
  7972 | D:9      | Killed Shredu92's ghost
  7972 | D:9      | Reached skill level 10 in Armour
  8221 | D:9      | Reached * piety under Qazlal
  8255 | D:10     | Entered Level 10 of the Dungeon
  8565 | D:10     | Noticed a hill giant
  8772 | D:8      | Reached skill level 5 in Fighting
  8785 | D:8      | Reached skill level 5 in Shields
  9005 | D:9      | Found a staircase to the Lair.
  9912 | D:9      | Found a basalt altar of Yredelemnul.
  9979 | D:9      | Found a burning altar of Makhleb.
 10181 | D:9      | Reached XP level 11. HP: 92/92 MP: 16/16
 10263 | D:9      | Reached ** piety under Qazlal
 10282 | Lair:1   | Entered Level 1 of the Lair of Beasts
 10356 | Lair:1   | Found a labyrinth entrance.
 10365 | Lab      | Entered a labyrinth
 10703 | Lab      | Noticed a minotaur
 10716 | Lab      | Killed a minotaur
 10729 | Lab      | Identified the Handbook of Aerial Attacks
 11895 | Lair:2   | Noticed a six-headed hydra
 11960 | Lair:2   | Killed a two-headed hydra
 11960 | Lair:2   | Reached skill level 10 in Fighting
 12333 | Lair:2   | Got a twisted battleaxe
 12341 | Lair:2   | Reached skill level 10 in Shields
 12355 | Lair:1   | Reached *** piety under Qazlal
 12357 | Lair:1   | Reached XP level 12. HP: 29/107 MP: 17/17
 12612 | Lair:1   | Identified the +5 battleaxe "Sacoth" {drain, rElec} (You found it on level 2 of the Lair of Beasts)
 12736 | Lair:2   | Reached skill level 11 in Axes
 12898 | Lair:3   | Noticed Nergalle
 13020 | Lair:3   | Killed Nergalle
 13686 | Lair:3   | Found a staircase to the Snake Pit.
 13881 | Lair:4   | Found a frozen archway.
 13917 | IceCv    | Entered an ice cave
 14637 | IceCv    | Noticed an ice dragon
 14993 | IceCv    | Killed an ice dragon
 15074 | IceCv    | Noticed an ice dragon
 15087 | IceCv    | Killed an ice dragon
 15132 | IceCv    | Got a transparent jade ring
 15153 | IceCv    | Identified the ring of Lyjixt {rC+ Slay+3} (You found it in an ice cave)
 15394 | Lair:3   | Reached XP level 13. HP: 98/114 MP: 18/18
 15416 | Lair:3   | Found an oddly glowing altar of Pakellas.
 15564 | Lair:3   | Reached skill level 10 in Dodging
 15698 | Lair:1   | Gained mutation: Your magical capacity is low (-10% MP). [potion of mutation]
 15698 | Lair:1   | Gained mutation: You are partially covered in slimy green scales (AC +2). [potion of mutation]
 15698 | Lair:1   | Gained mutation: You are dopey. (Int -2) [potion of mutation]
 15703 | Lair:1   | Gained mutation: You have sharp fingernails. [potion of beneficial mutation]
 16014 | Lair:4   | Reached **** piety under Qazlal
 16276 | Lair:4   | Reached skill level 12 in Axes
 16463 | Lair:5   | Noticed Snorg
 16478 | Lair:5   | Killed Snorg
 16635 | Lair:4   | Found a staircase to the Swamp.
 16703 | Lair:4   | Reached skill level 10 in Invocations
 16914 | Lair:4   | Reached skill level 13 in Axes
 18233 | Lair:6   | Reached skill level 14 in Axes
 18246 | Lair:6   | Reached XP level 14. HP: 108/122 MP: 20/20
 18837 | Lair:7   | Noticed a dire elephant
 19351 | Lair:6   | Found a viscous altar of Jiyva.
 19352 | Lair:6   | Found a staircase to the Slime Pits.
 19630 | Lair:7   | Reached skill level 15 in Axes
 19741 | Lair:7   | Killed a dire elephant
 20046 | Lair:8   | Entered Level 8 of the Lair of Beasts
 20060 | Lair:8   | Noticed Rupert
 20068 | Lair:8   | Paralysed by Rupert for 7 turns
 20302 | Lair:8   | Killed Rupert
 20423 | Lair:7   | Reached skill level 16 in Axes
 21606 | Lair:6   | Reached skill level 17 in Axes
 22148 | Lair:8   | Found a runed door.
 22525 | Lair:8   | Reached XP level 15. HP: 111/128 MP: 15/22
 23022 | D:10     | Reached skill level 18 in Axes
 23307 | D:10     | Reached skill level 1 in Evocations
 24411 | D:12     | Found a glowing golden altar of the Shining One.
 24632 | D:12     | Found a staircase to the Orcish Mines.
 24641 | Orc:1    | Entered Level 1 of the Orcish Mines
 24765 | Orc:2    | Entered Level 2 of the Orcish Mines
 25079 | Orc:2    | Found a roughly hewn altar of Beogh.
 25096 | Orc:2    | Found Bis Buz's Antique Weapon Shop.
 25300 | Orc:2    | Found a roughly hewn altar of Beogh.
 25367 | Orc:2    | Reached ***** piety under Qazlal
 25555 | Orc:1    | Reached skill level 5 in Evocations
 25868 | Orc:2    | Found a roughly hewn altar of Beogh.
 25923 | Orc:2    | Found a staircase to the Elven Halls.
 25957 | Orc:2    | Found a roughly hewn altar of Beogh.
 25961 | Orc:2    | Found Xicul's Weapon Emporium.
 25994 | Orc:2    | Found a roughly hewn altar of Beogh.
 26075 | Orc:2    | Noticed an orc warlord
 26087 | Orc:2    | Identified a -1 rod of shadows (14/14) (You found it on level 11 of the Dungeon)
 26103 | Orc:2    | Killed an orc warlord
 26118 | Orc:2    | Found Uxicil's Antique Armour Emporium.
 26118 | Orc:2    | Found a roughly hewn altar of Beogh.
 26121 | Orc:2    | Found Koato's Antique Weapon Shoppe.
 26880 | D:12     | Lost mutation: You are dopey. (Int -2) [mutagenic meat]
 26881 | D:12     | Lost mutation: You have sharp fingernails. [mutagenic meat]
 26882 | D:12     | Gained mutation: You occasionally shout uncontrollably at your foes. [mutagenic meat]
 26883 | D:12     | Gained mutation: You regenerate slowly when monsters are visible. [mutagenic meat]
 27224 | D:12     | Reached skill level 15 in Invocations
 27346 | D:12     | Found Pemarchu's Food Shop.
 29141 | D:13     | Found a gate to the Vaults.
 29241 | D:13     | Reached skill level 1 in Maces & Flails
 29406 | D:13     | Reached XP level 16. HP: 135/135 MP: 24/24
 30081 | D:15     | Entered Level 15 of the Dungeon
 30365 | D:14     | Gained mutation: You are agile. (Dex +2) [mutagenic meat]
 30366 | D:14     | Lost mutation: You occasionally shout uncontrollably at your foes. [mutagenic meat]
 30507 | D:14     | Found Ylobruad's General Store.
 30688 | D:14     | Reached skill level 10 in Evocations
 30833 | D:14     | Found a portal to a secret trove of treasure.
 31127 | D:15     | Found a staircase to the Depths.
 31306 | D:15     | Got a polished hand crossbow
 31307 | D:15     | Identified the cursed +1 hand crossbow of the Priest {flame, -Tele rPois MR+ MP+9} (You found it on level 15 of the Dungeon)
 31425 | D:15     | Found a blossoming altar of Fedhas.
 31441 | D:15     | Gained mutation: Scrolls take you a little longer to read. [mutagenic meat]
 31443 | D:15     | Gained mutation: You are resistant to hostile enchantments. [mutagenic meat]
 32127 | Swamp:1  | Entered Level 1 of the Swamp
 32761 | Swamp:1  | Lost mutation: You regenerate slowly when monsters are visible. [potion of mutation]
 33128 | Swamp:2  | Reached XP level 17. HP: 129/148 MP: 25/25
 33746 | Swamp:4  | Entered Level 4 of the Swamp
 33746 | Swamp:4  | Noticed namelastname112's ghost (adept HOGl)
 34168 | Swamp:3  | Noticed Roxanne
 34196 | Swamp:3  | Killed Roxanne
 34885 | Swamp:4  | HP: 5/151 [spriggan rider/spear (3)]
 34886 | Swamp:4  | Slain by a spectral four-headed hydra

Vault maps used:
D:1:      eino_arrival_tree_alley
D:2:      nemelex_xobeh_ov_fountains_minmay, lemuel_coloured_pillars_altar,
          ecumenical_altar_2, first_bread
D:3:      nicolae_overflow_crystal_walls
D:4:      serial_park_tiny_2, minmay_misc_feat_more_columns, uniq_robin
D:5:      grunt_temple_overflow_gold_and_silver
D:6:      nicolae_overflow_hidden_temple, uniq_grinder, uniq_sigmund
D:7:      minmay_temple_entry_large_hall, grunt_ogre_cave,
          uniq_crazy_yiuf_cottage
D:8:      basic_altar
D:9:      yredelemnul_forgotten_temple_becter, overflow_temple_1_default,
          minmay_lair_entry_lava, serial_ice, serial_ice_i, serial_ice_e,
          serial_ice_o, serial_ice_n
D:12:     orc_0_dummy, serial_shops, shop, basic_altar
D:13:     david_vaults_1, st_stairs_9
D:14:     nicolae_trove_entry_columns, serial_park_square1, serial_shops, shop,
          lightli_corner_chamber
D:15:     gammafunk_depths_entry_grave, fedhas_altar_1, grunt_ministairs_3,
          lemuel_nasty_fountain
Lair:1:   lab_entry_generic
Lair:3:   minmay_snake_entry_guardpost_medium, special_room, basic_altar,
          grunt_megastairs_4, uniq_nergalle
Lair:4:   swamp_mist_pool, portal_ice_cave_entry_imps, eino_house_with_fridge
Lair:5:   beast_lair_carwin_large_3, lemuel_fruit_tree, uniq_snorg
Lair:6:   dpeg_slime_entry_enclosed_altar
Lair:7:   beast_lair_carwin_large_1, grunt_megastairs_3
Lair:8:   wormcave, uniq_rupert
Swamp:1:  evilmike_swamp_ruin_rubble_1, swamp_pool3,
          nicolae_swamp_oklob_treasure_island, infiniplex_staircase_pool
Swamp:2:  hangedman_swamp_pad
Swamp:3:  nicolae_swamp_treefoil, uniq_roxanne
Swamp:4:  swamp_old_school
Orc:2:    grunt_orc_community_town_hall, grunt_orc_community_big_house_2,
          grunt_orc_community_big_house_2, grunt_orc_community_house_3,
          grunt_orc_community_house_3, grunt_orc_community_house_2,
          grunt_orc_community_house_2, grunt_orc_community_house_2
Lab:      labyrinth_spiral
IceCv:    ice_cave_small_dragons

Skill      XL: |  1  2  3  4  5  6  7  8  9 10 11 12 13 14 15 16 17 |
---------------+----------------------------------------------------+-----
Axes           | 3 4 5 6 8 9 10 11 14 17 18 | 18.1
Slings         | 1 |  1.0
Armour         | 4 6 9 10 12 13 | 13.1
Dodging        | 2 4 5 9 10 | 10.2
Invocations    | 5 7 11 13 15 | 15.5
Fighting       | 7 10 12 13 | 13.7
Shields        | 6 10 | 10.1
Evocations     | 7 10 | 10.5
Maces & Flails | 3 |  3.5

Action                   |  1- 3 |  4- 6 |  7- 9 | 10-12 | 13-15 | 16-18 || total
-------------------------+-------+-------+-------+-------+-------+-------++-------
Melee: War axe           |   109 |   159 |   141 |   104 |       |       ||   513
       Broad axe         |       |       |   241 |   405 |  1011 |   681 ||  2338
       Morningstar       |       |       |       |    76 |   359 |    26 ||   461
       Battleaxe         |       |       |       |   129 |       |       ||   129
 Fire: Hunting sling     |    14 |     4 |     1 |     1 |       |       ||    20
Throw: Tomahawk          |       |       |    34 |    17 |    36 |     3 ||    90
       Stone             |       |       |     1 |       |       |       ||     1
       Javelin           |       |       |       |       |     3 |       ||     3
Invok: Upheaval          |       |       |       |     9 |    42 |    17 ||    68
       Elemental Force   |       |       |       |       |     3 |     1 ||     4
 Abil: Evoke Berserk Rag |       |       |       |       |     1 |       ||     1
Evoke: Wand              |       |       |       |     3 |     4 |       ||     7
       Rod               |       |       |       |       |     2 |     2 ||     4
  Use: Potion            |     1 |     1 |       |     4 |     5 |     3 ||    14
       Scroll            |       |       |     7 |    17 |     8 |     9 ||    41
 Stab: Confused          |       |       |       |       |     2 |       ||     2
  Eat: Chunk             |     1 |     4 |    13 |    14 |    40 |    17 ||    89
       Bread ration      |       |     1 |       |       |       |       ||     1
       Royal jelly       |       |       |       |     1 |       |       ||     1
       Pizza             |       |       |       |     1 |       |       ||     1
       Fruit             |       |       |       |     4 |       |       ||     4
       Meat ration       |       |       |       |     1 |     1 |     2 ||     4
       Beef jerky        |       |       |       |       |     5 |       ||     5
